 Dungeon Crawl Stone Soup version 0.31-a0-844-gdc52ec4e09 (webtiles) character file.

Game seed: 14805075012582005455

498 miscthings the Grave Robber (level 7, -21/51 HPs)
             Began as a Gnoll Wanderer on Sept 29, 2023.
             Killed from afar by Dowan (27 damage)
             ... with a shard of ice
             ... on level 4 of the Dungeon.
             The game lasted 00:07:21 (2347 turns).

miscthings the Grave Robber (Gnoll Wanderer)        Turns: 2347, Time: 00:07:22

Health: -21/51     AC:  6    Str: 12    XL:     7   Next: 16%
Magic:  6/12       EV: 10    Int: 15    God:
Gold:   186        SH:  0    Dex:  9    Spells: 8/13 levels left

rFire   . . .        g - +1 dagger (venom)
rCold   . . .        (no shield)
rNeg    . . .        c - +0 scale mail
rPois   +            (no helmet)
rElec   .            (no cloak)
rCorr   .            (no gloves)
SInv    .            (no boots)
Will    +....        (no amulet) Stlth
                     h - ring of poison resistance
HPRegen 0.28/turn    (no ring)
MPRegen 0.13/turn

%: no passive effects
@: enlightened, flying (expiring)
A: fangs 1, strong nose, distributed training
a: no special abilities


You were on level 4 of the Dungeon.
You visited 1 branch of the dungeon, and saw 4 of its levels.

You collected 186 gold pieces.

Inventory:

Hand Weapons
 e - a +0 sling
 g - a +1 dagger of venom (weapon)
 q - the +3 Elemental Staff {ele, rElec rF+ rC+ AC+3}
   (You found it on level 2 of the Dungeon)

   AC+3:      It affects your AC (+3).
   rF+:       It protects you from fire.
   rC+:       It protects you from cold.
   rElec:     It insulates you from electricity.
Missiles
 m - a throwing net
Armour
 c - a +0 scale mail (worn)
Jewellery
 h - a ring of poison resistance (left hand)
 l - an amulet of guardian spirit
Wands
 r - a wand of acid (1)
Scrolls
 a - a scroll of identify {unknown}
 b - 2 scrolls of blinking
 i - a scroll of vulnerability {unknown}
 n - a scroll of teleportation {unknown}
 p - a scroll of fog {unknown}
Potions
 d - 2 potions of enlightenment
 f - 2 potions of magic {unknown}
 j - a potion of mutation {unknown}
 k - 2 potions of curing
 o - a potion of lignification {unknown}


   Skills:
 + Level 2.3 Fighting
 + Level 2.3 Short Blades
 + Level 2.3 Long Blades
 + Level 2.3 Axes
 + Level 2.3 Maces & Flails
 + Level 2.3 Polearms
 + Level 2.3 Staves
 + Level 2.3 Ranged Weapons
 + Level 2.3 Throwing
 + Level 3.5 Armour
 + Level 5.2 Dodging
 + Level 2.3 Stealth
 + Level 2.3 Shields
 + Level 2.3 Unarmed Combat
 + Level 3.7 Spellcasting
 + Level 1.9 Conjurations
 + Level 1.9 Hexes
 + Level 5.8 Summonings
 + Level 5.8 Necromancy
 + Level 1.9 Translocations
 + Level 1.9 Transmutations
 + Level 1.9 Fire Magic
 + Level 1.9 Ice Magic
 + Level 1.9 Air Magic
 + Level 1.9 Earth Magic
 + Level 1.9 Poison Magic
 + Level 2.6 Invocations
 + Level 2.3 Evocations
 + Level 2.1 Shapeshifting


You had 8 spell levels left.
You knew the following spells:

 Your Spells              Type           Power      Damage    Failure   Level
a - Summon Small Mammal   Summ           80%        N/A       9%          1
b - Call Canine Familiar  Summ           20%        N/A       24%         3
c - Kiss of Death         Conj/Necr      56%        2d9       19%         1

Your spell library contained the following spells:

 Spells                   Type           Power      Damage    Failure   Level
 Vampiric Draining        Necr           20%        2d7       24%         3
 Summon Guardian Golem    Hex/Summ       14%        N/A       50%         3
 Blink                    Tloc           16%        N/A       52%         2
 Lesser Beckoning         Tloc           16%        N/A       52%         2
 Momentum Strike          Conj/Tloc      16%        3d8       52%         2
 Animate Armour           Summ/Erth      28%        N/A       88%         4


Dungeon Overview and Level Annotations

Branches:
Dungeon (4/15)             Temple (0/1) D:4

Altars:
Dithmenos

Shops:
D:4 :

Annotations:
D:4 Dowan


Innate Abilities, Weirdness & Mutations

You have very sharp teeth.
Your uncanny sense of smell can sniff out nearby items.
Your experience applies equally to all skills.


Message History

Press: ? - help, Dir - move target, f - Dowan
Aim: Dowan, wielding a +0 dagger of venom and wearing a +0 robe (fast, ally target) Attack!
Dowan hits your hound with a +0 dagger of venom.
Your hound is poisoned.
Your hound bites Dowan.
Dowan casts a spell at you. The stone arrow hits your hound!
Your hound dies!
Your hound's corpse disappears in a puff of smoke!
Aiming: Corrosive Bolt
Press: ? - help, Shift-Dir - straight line, f/p - Dowan
Aim: Dowan, wielding a +0 dagger of venom and wearing a +0 robe (blue smoke, lightly wounded, fast, 60% to hit)
The bolt of acid misses Dowan.
Aiming: Corrosive Bolt
Press: ? - help, Shift-Dir - straight line, f/p - Dowan
Aim: Dowan, wielding a +0 dagger of venom and wearing a +0 robe (lightly wounded, fast, 60% to hit)
The bolt of acid hits Dowan!
Dowan is heavily wounded.
You are starting to lose your buoyancy.
Dowan says, "Her death will not be in vain!"
Dowan gestures at you while chanting. The stone arrow misses you.
Dowan points at you and mumbles some strange words.
The stone arrow hits you!
* * * LOW HITPOINT WARNING * * *
Aiming: Corrosive Bolt
Press: ? - help, Shift-Dir - straight line, f/p - Dowan
Aim: Dowan, wielding a +0 dagger of venom and wearing a +0 robe (heavily wounded, fast, 60% to hit)
The bolt of acid misses Dowan.
Dowan gestures wildly while chanting.
Dowan blinks!
Aiming: Corrosive Bolt
Press: ? - help, Shift-Dir - straight line, f/p - Dowan
Aim: Dowan, wielding a +0 dagger of venom and wearing a +0 robe (heavily wounded, fast, 60% to hit)
The bolt of acid misses Dowan.
Dowan casts a spell at you. The shard of ice hits you!!
Ouch! That really hurt!
You die...

.). #....#######.......#
....##.......#..........#
#......#....#..........#
#.####....###..........#
#.#.##§..#..#
#..........#
....e.e..#..#
#..e.......#
..#.#....#..#
#..........#
#.#.#..#..###..........#
....#..+..).§.@#########
e##.....#>###.....# #.
..#...## #.....# . ...
...# #.....# .#.#. ...#
#.....# #(#. #.# #.....#
#.....###### #.....'....#
#.....####.#


You could see Dowan (fast).

Vanquished Creatures
  Sigmund (D:2)
  Duvessa (D:4)
  A scorpion (D:4)
  An orc wizard (D:3)
  Natasha (thrice) (D:3)
  3 adders
  A dart slug (D:1)
  3 orcs (D:3)
  5 ball pythons
  An endoplasm (D:2)
  A giant cockroach (D:1)
  4 goblins (D:1)
  3 hobgoblins (D:1)
  3 jackals (D:2)
  A quokka (D:1)
  4 bats
  6 frilled lizards
  6 kobolds
  4 rats
52 creatures vanquished.

Vanquished Creatures (collateral kills)
  An adder (D:3)
  An orc (D:3)
  An endoplasm (D:1)
  2 hobgoblins (D:2)
  A jackal (D:2)
  A quokka (D:1)
  A ball python (D:1)
  2 kobolds
10 creatures vanquished.

Grand Total: 62 creatures vanquished

Notes
Turn   | Place    | Note
-------+----------+-------------------------------------------
     0 | D:1      | miscthings the Gnoll Wanderer began the quest for the Orb.
     0 | D:1      | miscthings set off with the following items: a +0 club, a
                  | scroll of blinking, a +0 scale mail; and the following
                  | spells available to memorise: Summon Small Mammal, Kiss of
                  | Death, Call Canine Familiar, Vampiric Draining, Animate
                  | Armour.
     0 | D:1      | Reached XP level 1. HP: 13/13 MP: 4/4
     2 | D:1      | Learned a level 1 spell: Summon Small Mammal
   140 | D:1      | Reached XP level 2. HP: 14/19 MP: 2/5
   506 | D:1      | Reached XP level 3. HP: 25/25 MP: 7/7
   868 | D:2      | Reached skill level 1 in Invocations
  1008 | D:2      | Reached skill level 1 in Fighting
  1008 | D:2      | Reached skill level 1 in Short Blades
  1008 | D:2      | Reached skill level 1 in Long Blades
  1008 | D:2      | Reached skill level 1 in Axes
  1008 | D:2      | Reached skill level 1 in Maces & Flails
  1008 | D:2      | Reached skill level 1 in Polearms
  1008 | D:2      | Reached skill level 1 in Staves
  1008 | D:2      | Reached skill level 1 in Ranged Weapons
  1008 | D:2      | Reached skill level 1 in Throwing
  1008 | D:2      | Reached skill level 1 in Stealth
  1008 | D:2      | Reached skill level 1 in Shields
  1008 | D:2      | Reached skill level 1 in Unarmed Combat
  1008 | D:2      | Reached skill level 1 in Evocations
  1107 | D:2      | Found the +3 Elemental Staff {ele, rElec rF+ rC+ AC+3}
  1117 | D:2      | Reached XP level 4. HP: 30/32 MP: 5/8
  1215 | D:2      | Found a shadowy altar of Dithmenos.
  1238 | D:2      | Noticed Sigmund
  1255 | D:2      | Learned a level 3 spell: Call Canine Familiar
  1288 | D:2      | Killed Sigmund
  1289 | D:2      | Reached skill level 1 in Conjurations
  1289 | D:2      | Reached skill level 1 in Hexes
  1289 | D:2      | Reached skill level 1 in Translocations
  1289 | D:2      | Reached skill level 1 in Transmutations
  1289 | D:2      | Reached skill level 1 in Fire Magic
  1289 | D:2      | Reached skill level 1 in Ice Magic
  1289 | D:2      | Reached skill level 1 in Air Magic
  1289 | D:2      | Reached skill level 1 in Earth Magic
  1289 | D:2      | Reached skill level 1 in Poison Magic
  1289 | D:2      | Reached skill level 1 in Shapeshifting
  1289 | D:2      | Reached XP level 5. HP: 16/38 MP: 2/9
  1642 | D:3      | Noticed Natasha
  1651 | D:3      | Killed Natasha
  1652 | D:3      | Reached XP level 6. HP: 40/44 MP: 8/11
  1702 | D:3      | Noticed Natasha
  1709 | D:3      | Killed Natasha
  1719 | D:3      | Noticed Natasha
  1730 | D:3      | Killed Natasha
  1731 | D:3      | Reached skill level 5 in Dodging
  2018 | D:3      | Found a faded altar of an unknown god.
  2176 | D:3      | Learned a level 1 spell: Kiss of Death
  2290 | D:4      | Found Lelix's Book Shop.
  2310 | D:4      | Found a staircase to the Ecumenical Temple.
  2310 | D:4      | Noticed Duvessa
  2310 | D:4      | Noticed Dowan
  2325 | D:4      | HP: 1/44 [Duvessa/+0 rapier (8)]
  2338 | D:4      | Killed Duvessa
  2339 | D:4      | Reached XP level 7. HP: 15/51 MP: 8/12
  2347 | D:4      | Killed from afar by Dowan

Illustrated notes

Levels and vault maps discovered:
D:1:      doesnt_arrival_eight_statues, layout_basic, minmay_tiny_reverse_x
D:2:      layout_loops_ring, basic_altar, minmay_increasing_density,
          uniq_sigmund
D:3:      layout_basic, chequers_ecumenical_altar_island, nicolae_half_adder,
          uniq_natasha
D:4:      black_bear_nest_1, layout_basic, minmay_temple_entry_ruins,
          serial_shops, nicolae_shop_back_alley_shop, uniq_duvessa, uniq_ijyb

Skill      XL: |  1  2  3  4  5  6 |
---------------+-------------------+-----
Invocations    | 1 2 |  2.6
Fighting       | 1 2 |  2.3
Short Blades   | 1 2 |  2.3
Long Blades    | 1 2 |  2.3
Axes           | 1 2 |  2.3
Maces & Flails | 1 2 |  2.3
Polearms       | 1 2 |  2.3
Staves         | 1 2 |  2.3
Ranged Weapons | 1 2 |  2.3
Throwing       | 1 2 |  2.3
Stealth        | 1 2 |  2.3
Shields        | 1 2 |  2.3
Unarmed Combat | 1 2 |  2.3
Evocations     | 1 2 |  2.3
Armour         | 3 |  3.5
Spellcasting   | 3 |  3.7
Conjurations   | 1 |  1.9
Hexes          | 1 |  1.9
Translocations | 1 |  1.9
Transmutations | 1 |  1.9
Fire Magic     | 1 |  1.9
Ice Magic      | 1 |  1.9
Air Magic      | 1 |  1.9
Earth Magic    | 1 |  1.9
Poison Magic   | 1 |  1.9
Shapeshifting  | 1 2 |  2.1
Dodging        | 5 |  5.2
Summonings     | |  5.8
Necromancy     | |  5.8

Action                     |  1- 3 |  4- 6 |  7- 9 || total
---------------------------+-------+-------+-------++-------
  Melee: Club              |    22 |       |       ||    22
         Punch             |     3 |     2 |       ||     5
         Bite              |     3 |     6 |       ||     9
         Dagger            |    68 |    43 |       ||   111
         Staff             |       |    37 |       ||    37
   Fire: Sling             |    60 |       |       ||    60
   Cast: Summon Small Mamm |    17 |    11 |       ||    28
         Call Canine Famil |       |     2 |     1 ||     3
  Evoke: Wand              |       |       |     4 ||     4
    Use: Potion            |       |     2 |       ||     2
         Scroll            |       |     1 |       ||     1
   Stab: Distracted        |       |     1 |       ||     1
 Armour: Scale mail        |   109 |    75 |     2 ||   186
  Dodge: Dodged            |    82 |    36 |     1 ||   119

Table legend: (Time is in decaauts)
 A = Elapsed time spent in this place.
 B = Non-inter-level travel time spent in this place.
 C = Inter-level travel time spent in this place.
 D = Time resting spent in this place.
 E = Time spent auto-exploring this place.
 F = Levels seen in this place.
 G = Mean time per level.
                   A        B        C        D        E       F      G
               +--------+--------+--------+--------+--------+-----+--------+
         Total |   2392 |   2310 |     82 |      0 |   1650 |   4 |  598.0 |
       Dungeon |   2392 |   2310 |     82 |      0 |   1650 |   4 |  598.0 |
               +--------+--------+--------+--------+--------+-----+--------+

Top non-repeatable levels by time:
     D:1: 855 daAuts
     D:2: 817 daAuts
     D:3: 572 daAuts
     D:4: 148 daAuts
